 Dungeon Crawl Stone Soup version v3.33-hellcrawl-189-gd9da4bb (webtiles) character file.

135 Implojin the Shooter (level 6, -6/44 HPs)
             Began as a Mummy Hunter on Sept 28, 2017.
             Mangled by a gnoll
             ... wielding a +0 spear
              (9 damage)
             ... on level 4 of the Dungeon.
             The game lasted 00:06:54 (2741 turns).

Implojin the Shooter (Mummy Hunter)                 Turns: 2741, Time: 00:06:55

Health: -6/44      AC:  5 (14%)Str: 18  XL:     6   Next: 34%
Magic:  6/6        EV: 11    Int: 10    God:
Gold:   173        SH:  0    Dex: 12    Spells: 5/5 levels left

rFire    x . .     SeeInvis .   a - +1 shortbow
rCold    + . .     Faith    .   (shield currently unavailable)
rNeg     + + +     Spirit   .   c - +0 leather armour
rPois    ∞         Reflect  .   (no helmet)
rElec    .                      (no cloak)
rCorr    .                      i - +1 pair of gloves
MR       .....                  (no boots)
Stlth    +.........             (no amulet)
Regen    0.2/turn               (no ring)
MPRegen  0.2/turn               (no ring)

@: very slightly contaminated
A: no food or potions, fire vulnerability, cold resistance 1, negative energy
resistance 3, torment resistance, unbreathing
a: no special abilities


You were on level 4 of the Dungeon.
You were not hungry.

You visited 1 branch of the dungeon, and saw 4 of its levels.

You collected 173 gold pieces.

Inventory:

Hand Weapons
 a - a +1 shortbow (weapon)
 b - a +0 dagger
Missiles
 d - 100 arrows (quivered)
 f - 101 bolts
 g - 855 stones
Armour
 c - a +0 leather armour (worn)
 i - a +1 pair of gloves (worn)


   Skills:
 - Level 2.0 Fighting
 * Level 6.4 Bows
 - Level 1.5 Dodging
 - Level 0.7 Stealth


You had 5 spell levels left.
You didn't know any spells.

Dungeon Overview and Level Annotations

Branches:
Dungeon (4/15)

Altars:
Trog
Vehumet


Innate Abilities, Weirdness & Mutations

You do not eat or drink.
Your flesh is vulnerable to fire.
You are immune to poison.
Your flesh is cold resistant. (rC+)
You are immune to negative energy. (rN+++)
You are immune to unholy pain and torment.
You can survive without breathing.


Message History

You shoot an arrow. The arrow hits the hound (1).
The hound is almost dead.
The hound bites you (4).
* * * LOW HITPOINT WARNING * * *
The hound bites you (1).
* * * LOW HITPOINT WARNING * * *
Blink to where?
Press: ? - help, Dir - move target cursor, p - hound You are very lightly contaminated with residual magic.
As you read the scroll of blinking, it crumbles to dust.
Found 14 gold pieces.
Firing (i - inventory. (,) - cycle):
d - 113 arrows (quivered)
Press: ? - help, Shift-Dir - straight line, f - gnoll
Aim: a gnoll, wielding a +0 whip (fast)
You shoot an arrow. The arrow barely misses the gnoll (0).
Firing (i - inventory. (,) - cycle):
d - 112 arrows (quivered)
Press: ? - help, Shift-Dir - straight line, f/p - gnoll
Aim: a gnoll, wielding a +0 whip (fast)
You shoot an arrow. The arrow hits the gnoll (6).
The gnoll is heavily wounded.
Firing (i - inventory. (,) - cycle):
d - 111 arrows (quivered)
Press: ? - help, Shift-Dir - straight line, f/p - gnoll
Aim: a gnoll, wielding a +0 whip (heavily wounded, fast)
You shoot an arrow. The arrow closely misses the gnoll (0).
The gnoll hits you with a +0 whip (3).
* * * LOW HITPOINT WARNING * * *
The gnoll closely misses you.
Unknown command.
Firing (i - inventory. (,) - cycle):
d - 110 arrows (quivered)
Press: ? - help, Shift-Dir - straight line, f/p - gnoll
Aim: a gnoll, wielding a +0 whip (heavily wounded, fast)
You shoot an arrow. The arrow hits the gnoll (5).
The gnoll is almost dead.
The gnoll barely misses you.
Unknown command.
Firing (i - inventory. (,) - cycle):
d - 109 arrows (quivered)
Press: ? - help, Shift-Dir - straight line, f/p - gnoll
Aim: a gnoll, wielding a +0 whip (almost dead, fast)
You shoot an arrow. The arrow hits the gnoll (9)!
You kill the gnoll!
The hound bites you (6).
* * * LOW HITPOINT WARNING * * *
Unknown command.
Firing (i - inventory. (,) - cycle):
d - 108 arrows (quivered)
Press: ? - help, Shift-Dir - straight line, f - hound
Aim: a hound (almost dead)
You shoot an arrow. The arrow closely misses the hound (0).
The hound barely misses you.
Unknown command.
Firing (i - inventory. (,) - cycle):
d - 107 arrows (quivered)
Press: ? - help, Shift-Dir - straight line, f/p - hound
Aim: a hound (almost dead)
You shoot an arrow. The arrow closely misses the hound (0).
The hound misses you. The hound completely misses you.
Unknown command.
Firing (i - inventory. (,) - cycle):
d - 106 arrows (quivered)
Press: ? - help, Shift-Dir - straight line, f/p - hound
Aim: a hound (almost dead)
You shoot an arrow. The arrow hits the hound (6).
You kill the hound!
Unknown command.
You aren't carrying any items that you can evoke.
Firing (i - inventory. (,) - cycle):
d - 105 arrows (quivered)
Press: ? - help, Shift-Dir - straight line, f - gnoll
Aim: a gnoll, wielding a +0 spear (fast)
You shoot an arrow. The arrow hits the gnoll shaman (7)!
The gnoll shaman is moderately wounded.
The gnoll hits you from afar with a +0 spear (2).
* * * LOW HITPOINT WARNING * * *
The gnoll shaman hits you (3).
* * * LOW HITPOINT WARNING * * *
Firing (i - inventory. (,) - cycle):
d - 104 arrows (quivered)
Press: ? - help, Shift-Dir - straight line, f/p - gnoll
Aim: a gnoll, wielding a +0 spear (fast)
You shoot an arrow. The arrow hits the gnoll shaman (1).
The gnoll shaman is heavily wounded.
The gnoll barely misses you. The gnoll shaman hits you (3).
* * * LOW HITPOINT WARNING * * *
The gnoll hits you from afar with a +0 spear (2).
* * * LOW HITPOINT WARNING * * *
You aren't carrying any spellbooks or scrolls.
Firing (i - inventory. (,) - cycle):
d - 103 arrows (quivered)
Press: ? - help, Shift-Dir - straight line, f/p - gnoll
Aim: a gnoll, wielding a +0 spear (fast)
You shoot an arrow.
The arrow hits the gnoll but does no damage.
The gnoll barely misses you. x2
Firing (i - inventory. (,) - cycle):
d - 102 arrows (quivered)
Press: ? - help, Shift-Dir - straight line, f/p - gnoll
Aim: a gnoll, wielding a +0 spear (fast)
You shoot an arrow. The arrow hits the gnoll (5).
The gnoll is moderately wounded.
The gnoll hits you with a +0 spear (1).
* * * LOW HITPOINT WARNING * * *
Firing (i - inventory. (,) - cycle):
d - 101 arrows (quivered)
Press: ? - help, Shift-Dir - straight line, f/p - gnoll
Aim: a gnoll, wielding a +0 spear (moderately wounded, fast)
You shoot an arrow. The arrow closely misses the gnoll (0).
The gnoll hits you with a +0 spear (9)!
You die...

**,* #.....#**,,******,,>,,
**,** #.....# *,,,,,,,,*,,,,
**,,,* #.$...# **,,.,,*,,,*,,
*,,,,* #.....# *,...#,,,*,,,*
**,,** #.....###..#...#,,,*,,
*,,,,* *#.g.##..#...#.,,*,,,*
*,,,** #.#g.g#...#..,*,,,*,,
**,** #)###...#...#,,,#,,,*
*,,*#####g##@g#...#.,,#g.,*,,
*,,*#...........#...#...#,,,*
*,.,#.........#...#...#,,,*,,
*,..#...........#...#,,,*,,,*
*#............#...#...#,,,*,,
#.#............#...#...#,,,*
*..###...###.#...#...#..,*,,
*#.####!...g...#...#...#,,,*
######..##..##...#...#...#.,,*,,


You could see a gnoll shaman and a gnoll.

Vanquished Creatures
  A scorpion (D:3)
  3 hounds (D:4)
  4 worker ants
  2 gnolls (D:4)
  4 adders
  4 quokkas
  2 ball pythons (D:2)
  5 bats
  2 giant cockroaches
  8 goblins
  8 hobgoblins
  7 jackals (D:3)
  3 frilled lizards
  7 kobolds
  4 rats
64 creatures vanquished.

Notes
Turn   | Place    | Note
-------+----------+-------------------------------------------
     0 | D:1      | Implojin the Mummy Hunter began the quest for the Orb.
     0 | D:1      | Reached XP level 1. HP: 16/16 MP: 1/1
   239 | D:1      | Reached XP level 2. HP: 22/22 MP: 2/2
   611 | D:2      | Reached skill level 4 in Bows
   690 | D:2      | Reached XP level 3. HP: 27/27 MP: 3/3
  1380 | D:3      | Reached XP level 4. HP: 33/33 MP: 4/4
  1488 | D:3      | Found a faded altar of an unknown god.
  1510 | D:3      | Found a radiant altar of Vehumet.
  1706 | D:3      | Found a bloodstained altar of Trog.
  1726 | D:3      | Reached skill level 5 in Bows
  1907 | D:3      | Reached XP level 5. HP: 29/38 MP: 5/5
  2679 | D:4      | Reached skill level 6 in Bows
  2679 | D:4      | Reached XP level 6. HP: 37/44 MP: 6/6
  2732 | D:4      | HP: 11/44 [gnoll/+0 spear (2)]
  2733 | D:4      | HP: 5/44 [gnoll shaman (3)]
  2740 | D:4      | HP: 3/44 [gnoll/+0 spear (1)]
  2741 | D:4      | Mangled by a gnoll

Skill      XL: |  1  2  3  4  5 |
---------------+----------------+-----
Bows           | 4 5 6 |  6.4
Fighting       | |  2.0
Dodging        | |  1.5
Stealth        | |  0.7

Action                   |  1- 3 |  4- 6 || total
-------------------------+-------+-------++-------
 Fire: Shortbow          |    90 |   133 ||   223
  Use: Scroll            |     1 |     3 ||     4
Armor: Leather armour    |    15 |    21 ||    36
Dodge: Dodged            |    27 |    58 ||    85

Vault maps used:
D:1:      matt_arrival_diagonals
D:2:      kennysheep_boxes
D:3:      fiery_altar_vehumet, lemuel_doored_altar,
          chequers_ecumenical_altar_simple
D:4:      lemuel_coloured_pillars_altar, enter_ossuary_5, hex_large,
          uniq_crazy_yiuf_cottage

Table legend:
 A = Turns spent in this place as a percentage of turns spent in the entire game.
 B = Non-inter-level travel turns spent in this place as a percentage of non-inter-level travel turns spent in the entire game.
 C = Inter-level travel turns spent in this place as a percentage of turns spent in this place.
 D = Turns resting spent in this place as a percentage of non-inter-level travel turns spent in this place.
 E = Turns spent auto-exploring this place as a percentage of non-inter-level travel turns spent in this place.
 F = Non-inter-level travel turns spent in this place divided by the number of levels of this place that you've seen.
                   A       B       C       D       E      F
               +-------+-------+-------+-------+-------+----------------------
         Total | 100.0 | 100.0 |   0.5 |   2.4 |  15.7 | 165.2
       Dungeon | 100.0 | 100.0 |   0.5 |   2.4 |  15.7 | 165.2
               +-------+-------+-------+-------+-------+----------------------

Table legend:
 A = Kills in this place as a percentage of kills in entire the game.
 B = Kills by you in this place as a percentage of kills by you in the entire game.
 C = Kills by friends in this place as a percentage of kills by friends in the entire game.
 D = Other kills in this place as a percentage of other kills in the entire game.
 E = Experience gained in this place as a percentage of experience gained in the entire game.
 F = Experience gained in this place divided by the number of levels of this place that you have seen.
                   A       B       C       D       E      F
               +-------+-------+-------+-------+-------+----------------------
         Total | 100.0 | 100.0 |  -nan |  -nan | 100.0 | 125.8
       Dungeon | 100.0 | 100.0 |  -nan |  -nan | 100.0 | 125.8
               +-------+-------+-------+-------+-------+----------------------
